 Dungeon Crawl Stone Soup version 0.31-a0-609-g7bf6ffcfed (webtiles) character file.

Game seed: 7071902786889802819

9113 rjrrt the Cleaver (level 11, 0/99 HPs)
             Began as a Minotaur Fighter on Aug 21, 2023.
             Was a High Priest of Okawaru.
             Killed from afar by an ice statue (19 damage)
             ... with a freezing blast
             ... in an ice cave.
             The game lasted 00:21:16 (7909 turns).

rjrrt the Cleaver (Minotaur Fighter)                Turns: 7909, Time: 00:21:17

Health: 0/99       AC: 27    Str: 23    XL:     11   Next: 18%
Magic:  15/15      EV:  4    Int:  8    God:    Okawaru [*****.]
Gold:   589        SH:  6    Dex: 16    Spells: 10/10 levels left

rFire   . . .        a - +2 war axe (flame)
rCold   . . .        c - +0 buckler
rNeg    + . .        E - +5 crystal plate armour "Isutircho" {rN+ Str-2 Int+3}
rPois   +            (helmet restricted)
rElec   .            q - +1 cloak
rCorr   .            (no gloves)
SInv    .            (no boots)
Will    .....        h - amulet of regeneration Stlth
                     b - ring of poison resistance
HPRegen 1.16/turn    C - +6 ring of dexterity
MPRegen 0.14/turn

%: no passive effects
@: no status effects
A: horns 2, retaliatory headbutt
a: Renounce Religion, Heroism, Finesse, Duel


You were in an ice cave.
You worshipped Okawaru.
Okawaru was extremely pleased with you.
You visited 2 branches of the dungeon, and saw 10 of its levels.
You also visited: Sewer, Ossuary and Ice Cave.

You collected 589 gold pieces.

Inventory:

Hand Weapons
 a - a +2 war axe of flaming (weapon)
 v - a +0 war axe
 w - a +1 heavy trident
Missiles
 r - 10 boomerangs (quivered)
Armour
 c - a +0 buckler (worn)
 q - a +1 cloak (worn)
 E - the +5 crystal plate armour "Isutircho" (worn) {rN+ Str-2 Int+3}
   (Okawaru gifted it to you on level 1 of the Lair of Beasts)

   Str-2:     It affects your strength (-2).
   Int+3:     It affects your intelligence (+3).
   rN+:       It protects you from negative energy.
Jewellery
 b - a ring of poison resistance (left hand)
 h - an amulet of regeneration (around neck)
 i - a ring of resist corrosion
 C - a +6 ring of dexterity (right hand)
Wands
 k - a wand of digging (11)
 y - a wand of mindburst (13)
Scrolls
 s - a scroll of revelation
 u - 4 scrolls of teleportation
 x - a scroll of poison
Potions
 d - 2 potions of might
 e - a potion of ambrosia
 f - 3 potions of attraction
 g - a potion of magic
 j - a potion of enlightenment
 l - a potion of cancellation
 m - 3 potions of mutation
 n - 5 potions of heal wounds
 p - 3 potions of curing
 t - a potion of lignification
 z - 3 potions of invisibility
 A - a potion of haste {unknown}
 B - a potion of brilliance {unknown}
 D - a potion of resistance {unknown}


   Skills:
 + Level 9.6 Fighting
 * Level 12.4 Axes
 + Level 9.6 Armour
 - Level 9.0 Shields
 + Level 6.7 Invocations


You had 10 spell levels left.
You didn't know any spells.
Your spell library contained the following spells:

 Spells                   Type           Power      Damage    Failure   Level
 Sting                    Tmut/Pois      0%         1d3       100%        1
 Poisonous Vapours        Pois/Air       0%         N/A       100%        2
 Gell's Gravitas          Tloc           0%         N/A       100%        3
 Teleport Other           Tloc           0%         N/A       100%        3
 Cause Fear               Hex            0%         N/A       100%        4
 Olgreb's Toxic Radiance  Pois           0%         N/A       100%        4
 Fireball                 Conj/Fire      0%         3d3       100%        5
 Dispersal                Tloc           0%         N/A       100%        6
 Dragon's Call            Summ           Unusable   N/A       N/A         9

Dungeon Overview and Level Annotations

Branches:
Dungeon (8/15)             Temple (0/1) D:6            Lair (2/5) D:8
  Sewer (visited)         Ossuary (visited)           IceCv (1/1)
  Swamp: Lair:2-3    Shoals: Lair:2-3     Snake: Lair:2-3    Spider: Lair:2-3

Altars:
Ashenzari
Cheibriados
Kikubaaqudgha
Makhleb
Okawaru
Trog
Uskayaw
Wu Jian
Xom
Yredelemnul
Zin

Annotations:
D:6 3 runed translucent doors, BubbleThief's ghost, amateur OpSh IceCv exclusion: 2 ice statues


Innate Abilities, Weirdness & Mutations

You have a pair of horns on your head.
You reflexively headbutt those who attack you in melee.


Message History

You headbutt the ice statue!
The ice statue is almost destroyed.
You closely miss the ice beast.
You are engulfed in freezing vapours.
The ice statue gestures at you. The freezing blast engulfs you!
The ice beast hits you. The ice beast freezes you!
You hit the ice statue.
You melt the ice statue.
The ice statue is almost destroyed.
You hit the ice beast but do no damage. You slash the ice beast!
You melt the ice beast.
You barely miss the ice beast.
You are engulfed in freezing vapours.
* * * LOW HITPOINT WARNING * * *
The ice beast barely misses you. You furiously retaliate!
You headbutt the ice beast!
The ice beast hits you but does no damage.
You block the ice beast's attack.
You hit the ice statue but do no damage.
You headbutt the ice statue, but do no damage.
The ice statue is almost destroyed.
You slash the ice beast!
You melt the ice beast.
You slash the ice beast!
You melt the ice beast.
You barely miss the ice beast.
You are engulfed in freezing vapours.
The ice beast hits you but does no damage.
The ice statue gestures.
The ice beast completely misses you.
The ice statue gestures.
The ice beast hits you but does no damage.
You hit the ice statue but do no damage.
The ice statue is almost destroyed.
You hit the ice beast but do no damage. You hit the ice beast.
You melt the ice beast.
You hit the ice beast but do no damage. x2
You are engulfed in freezing vapours.
* * * LOW HITPOINT WARNING * * *
The ice beast hits you.
* * * LOW HITPOINT WARNING * * *
The ice beast freezes you!
* * * LOW HITPOINT WARNING * * *
The ice statue gestures at you. The freezing blast engulfs you!!
You die...

#####
#####...##
##........##
##..........
#......○☼..##
.......°°○..#
......°°Y°Y#
.....○☼Y@Y#
#8#.☼..#8#
##.°####
#..## ##..##
##..# ##...#
##...##
#...##


You could see 2 ice statues and 4 ice beasts.

Vanquished Creatures
  A catoblepas (Lair:1)
  2 cane toads (Lair:1)
  A rime drake (Lair:1)
  4 komodo dragons
  3 ice devils
  A polar bear (Lair:1)
  A hornet (D:7)
  Sigmund (D:3)
  A wyvern (Lair:1)
  4 yaks
  A basilisk (Lair:1)
  A human (D:8)
  Menkaure (Ossuary)
  8 water moccasins
  3 sky beasts
  4 black bears
  An orc warrior (D:6)
  2 ice beasts
  An ogre (D:6)
  A phantom (D:5)
  2 kobold brigands
  12 bullfrogs
  A cane toad simulacrum (IceCv)
  2 scorpions
  A two-headed ogre simulacrum (IceCv)
  3 killer bees (D:7)
  6 hounds
  A human zombie (D:8)
  3 orc priests
  A gnoll bouda (D:4)
  5 orc wizards (D:7)
  4 iguanas
  2 spriggan simulacra (IceCv)
  4 mummies
  3 gnolls (D:4)
  14 adders
  2 naga simulacra (IceCv)
  10 river rats
  A shadow imp (D:6)
  2 white imps
  2 ufetubi
  2 worms (D:6)
  A dart slug (D:1)
  17 orcs
  3 bats
  7 endoplasms
  2 giant cockroaches
  4 goblins
  5 hobgoblins
  8 jackals
  17 kobolds
  4 quokkas
  23 ball pythons
  3 frilled lizards
  7 gnoll skeletons (Ossuary)
  A gnoll zombie (Ossuary)
  5 goblin skeletons (Ossuary)
  4 goblin zombies (Ossuary)
  4 hobgoblin skeletons (Ossuary)
  9 hobgoblin zombies
  3 kobold skeletons (Ossuary)
  7 kobold zombies
  2 orc skeletons (Ossuary)
  3 orc zombies (Ossuary)
  25 rats
  4 rat skeletons (Ossuary)
  4 rat zombies
297 creatures vanquished.

Notes
Turn   | Place    | Note
-------+----------+-------------------------------------------
     0 | D:1      | rjrrt the Minotaur Fighter began the quest for the Orb.
     0 | D:1      | Reached XP level 1. HP: 19/19 MP: 0/0
   185 | D:1      | Reached XP level 2. HP: 24/27 MP: 1/1
   738 | D:2      | Reached skill level 3 in Axes
   738 | D:2      | Reached XP level 3. HP: 33/33 MP: 2/2
   794 | D:2      | HP: 1/29 [kobold/+1 short sword of electrocution (3)]
  1202 | D:3      | Reached XP level 4. HP: 36/40 MP: 3/3
  1305 | D:3      | Found an iron altar of Okawaru.
  1327 | D:3      | Became a worshipper of Warmaster Okawaru
  1337 | D:3      | Noticed Sigmund
  1350 | D:3      | Killed Sigmund
  1350 | D:3      | Reached * piety under Okawaru
  1351 | D:3      | Reached skill level 4 in Axes
  1351 | D:3      | Reached skill level 1 in Invocations
  1351 | D:3      | Reached XP level 5. HP: 47/47 MP: 4/4
  1457 | D:3      | Found a faded altar of an unknown god.
  1511 | D:3      | Found a burning altar of Makhleb.
  1822 | D:4      | Reached XP level 6. HP: 51/55 MP: 6/6
  2045 | D:4      | Reached skill level 5 in Armour
  2055 | D:4      | Reached skill level 5 in Fighting
  2055 | D:4      | Reached skill level 5 in Shields
  2128 | D:4      | Found a glowing drain.
  2132 | Sewer    | Entered a sewer
  2155 | Sewer    | Reached skill level 5 in Axes
  2451 | Sewer    | Reached ** piety under Okawaru
  2452 | Sewer    | Reached XP level 7. HP: 59/61 MP: 7/7
  2708 | D:4      | Reached skill level 6 in Axes
  2728 | D:4      | Found an ancient bone altar of Kikubaaqudgha.
  2788 | D:5      | Entered Level 5 of the Dungeon
  3031 | D:5      | Reached XP level 8. HP: 63/70 MP: 9/9
  3140 | D:5      | Reached skill level 7 in Axes
  3349 | D:5      | Found a glowing silver altar of Zin.
  3394 | D:5      | Reached *** piety under Okawaru
  3422 | D:6      | Found an ornate altar of the Wu Jian Council.
  3601 | D:6      | Found a snail-covered altar of Cheibriados.
  3666 | D:6      | Reached skill level 8 in Axes
  3671 | D:6      | Noticed BubbleThief's ghost (amateur OpSh)
  3672 | D:6      | Noticed a komodo dragon
  3673 | D:6      | Found a runed translucent gate.
  3677 | D:6      | Found a runed translucent gate.
  3677 | D:6      | Found a runed translucent gate.
  3788 | D:6      | Noticed a moth of wrath
  3790 | D:6      | Found a bloodstained altar of Trog.
  3889 | D:6      | Identified a scroll of acquirement
  3889 | D:6      | Acquired the +3 crystal plate armour "Opref" {rN+}
  4123 | D:6      | Found a staircase to the Ecumenical Temple.
  4324 | D:7      | Reached XP level 9. HP: 76/79 MP: 11/11
  4577 | D:7      | Found a broken altar of Ashenzari.
  4751 | D:7      | Reached **** piety under Okawaru
  4813 | D:7      | Reached skill level 9 in Axes
  4837 | D:7      | Found a hide-covered altar of Uskayaw.
  4893 | D:7      | Found a shimmering altar of Xom.
  5417 | D:8      | Found a sand-covered staircase.
  5425 | Ossuary  | Entered an ossuary
  5706 | Ossuary  | Noticed Menkaure
  5718 | Ossuary  | Killed Menkaure
  5871 | D:8      | Reached skill level 5 in Invocations
  5877 | D:8      | Noticed a komodo dragon
  5882 | D:8      | Reached skill level 10 in Axes
  5894 | D:8      | Killed a komodo dragon
  5895 | D:8      | Reached XP level 10. HP: 88/88 MP: 10/12
  5918 | D:8      | Found a staircase to the Lair.
  6122 | D:8      | Found a runed translucent door.
  6137 | D:8      | Found a basalt altar of Yredelemnul.
  6399 | Lair:1   | Entered Level 1 of the Lair of Beasts
  6439 | Lair:1   | Noticed a cane toad
  6448 | Lair:1   | Killed a cane toad
  6448 | Lair:1   | Reached ***** piety under Okawaru
  6452 | Lair:1   | Reached skill level 11 in Axes
  6945 | Lair:1   | Noticed a catoblepas
  6968 | Lair:1   | Killed a catoblepas
  7216 | Lair:1   | Noticed a cane toad
  7221 | Lair:1   | Killed a cane toad
  7225 | Lair:1   | Identified the +5 crystal plate armour "Isutircho" {rN+
                  | Str-2 Int+3} (Okawaru gifted it to you on level 1 of the
                  | Lair of Beasts)
  7225 | Lair:1   | Received a gift from Okawaru
  7226 | Lair:1   | Reached skill level 12 in Axes
  7226 | Lair:1   | Reached XP level 11. HP: 66/97 MP: 14/14
  7779 | Lair:2   | Found a frozen archway.
  7799 | IceCv    | Entered an ice cave
  7909 | IceCv    | Killed from afar by an ice statue

Illustrated notes

Levels and vault maps discovered:
D:1:      wander_arrival_peaceful_grave, layout_basic
D:2:      layout_rooms, minmay_misc_feat_tiny, minmay_misc_feat_five
D:3:      layout_rooms, mainiacjoe_overflow_cross_hatched, lemuel_doored_altar,
          ebering_ecumenical_altar_petrified, uniq_sigmund
D:4:      layout_rooms, lemuel_zombie_altar_kikubaaqudgha,
          gup_sewer_entry_spiral
D:5:      layout_cave_pools, zin_treasury, nicolae_letterblocks
          [nicolae_letter_subblock, nicolae_letter_subblock,
          nicolae_letter_subblock, nicolae_letter_subblock,
          nicolae_letter_subblock, nicolae_letter_subblock,
          nicolae_letter_subblock, nicolae_letter_subblock,
          nicolae_letter_subblock, nicolae_letter_subblock,
          nicolae_letter_subblock, nicolae_letter_subblock,
          nicolae_letter_subblock, nicolae_letter_subblock,
          nicolae_letter_subblock, nicolae_letter_subblock,
          nicolae_letter_subblock, nicolae_letter_subblock,
          nicolae_letter_subblock, nicolae_letter_subblock,
          nicolae_letter_subblock, nicolae_letter_subblock,
          nicolae_letter_subblock, nicolae_letter_subblock,
          nicolae_letter_subblock]
D:6:      layout_loops_cross, mainiacjoe_overflow_boulevard, tgw_trog,
          cheibriados_altar_1, temple_green, gammafunk_ghost_split,
          grunt_ministairs_2
D:7:      layout_loops_corners, nicolae_uskayaw_dance_hall, xom_teletrap_fun,
          nicolae_ashenzari_panopticon, kennysheep_small_spiral
D:8:      layout_rooms, dk_yredelemnul_ordeal, due_lair_maze_entry_diamond,
          nicolae_ossuary_entry_giza
Lair:1:   layout_layer_cave, infiniplex_staircase_pool
Lair:2:   wander_river, layout_cave_pods, minmay_swamp_entry_swarm,
          portal_ice_cave_demonic_guard, nicolae_lair_liquid_snakes,
          infiniplex_staircase_pool_2
IceCv:    ice_cave_small_demon

Skill      XL: |  1  2  3  4  5  6  7  8  9 10 |
---------------+-------------------------------+-----
Armour         | 4 5 6 7 8 9 |  9.6
Fighting       | 4 5 6 7 8 9 |  9.6
Shields        | 4 5 6 8 9 |  9.0
Axes           | 3 4 5 6 8 10 12 | 12.4
Invocations    | 1 2 4 5 6 |  6.7

Action                     |  1- 3 |  4- 6 |  7- 9 | 10-12 || total
---------------------------+-------+-------+-------+-------++-------
  Melee: War axe           |    79 |   169 |   371 |   172 ||   791
         Headbutt          |     4 |    21 |    44 |    50 ||   119
 Invoke: Heroism           |       |       |     4 |       ||     4
    Use: Potion            |       |     1 |       |       ||     1
         Scroll            |       |    11 |    11 |     5 ||    27
 Armour: Scale mail        |    21 |       |       |       ||    21
         Leather armour    |    17 |    48 |    52 |       ||   117
         Crystal plate arm |       |       |   153 |   114 ||   267
  Dodge: Dodged            |    37 |   108 |   107 |    31 ||   283
  Block: Buckler           |    18 |    29 |    86 |    47 ||   180

Table legend: (Time is in decaauts)
 A = Elapsed time spent in this place.
 B = Non-inter-level travel time spent in this place.
 C = Inter-level travel time spent in this place.
 D = Time resting spent in this place.
 E = Time spent auto-exploring this place.
 F = Levels seen in this place.
 G = Mean time per level.
                   A        B        C        D        E       F      G
               +--------+--------+--------+--------+--------+-----+--------+
         Total |   8108 |   7833 |    275 |    200 |   4856 |  13 |  623.7 |
       Dungeon |   5808 |   5584 |    224 |    140 |   3596 |   8 |  726.0 |
          Lair |   1396 |   1345 |     51 |      7 |   1104 |   2 |  698.0 |
         Sewer |    436 |    436 |      0 |     24 |      0 |   1 |  436.0 |
       Ossuary |    361 |    361 |      0 |      0 |    156 |   1 |  361.0 |
      Ice Cave |    105 |    105 |      0 |     28 |      0 |   1 |  105.0 |
               +--------+--------+--------+--------+--------+-----+--------+

Top non-repeatable levels by time:
  Lair:1: 1343 daAuts
     D:7: 1038 daAuts
     D:6: 873 daAuts
     D:8: 717 daAuts
     D:1: 687 daAuts
     D:4: 683 daAuts
     D:3: 645 daAuts
     D:5: 643 daAuts
     D:2: 518 daAuts
   Sewer: 436 daAuts
 Ossuary: 361 daAuts
   IceCv: 105 daAuts
  Lair:2: 52 daAuts
